 Dungeon Crawl Stone Soup version 0.27.0-1-g7a089689b8 (webtiles) character file.

Game seed: 11704118833034715673

1775 sanka the Schismatic (level 8, 0/60 HPs)
             Began as a Mummy Abyssal Knight on Aug 1, 2021.
             Was an Elder of Lugonu.
             Slain by a kobold brigand (4 damage)
             ... on level 7 of the Dungeon.
             The game lasted 00:10:44 (8505 turns).

sanka the Schismatic (Mummy Abyssal Knight)         Turns: 8505, Time: 00:10:52

Health: 0/60       AC: 19    Str: 24    XL:     8   Next: 80%
Magic:  14/14      EV:  8    Int: 11    God:    Lugonu [****..]
Gold:   307        SH:  0    Dex: 11    Spells: 7/7 levels left

rFire    x . .     SeeInvis .   a - +0 halberd
rCold    + . .     Faith    .   (shield currently unavailable)
rNeg     + + +     Spirit   .   g - +7 chain mail of Context {*Corrode Str+6}
rPois    ∞         Reflect  .   x - +0 helmet
rElec    .         Harm     .   w - +1 cloak
rCorr    .         Rampage  .   n - +0 pair of gloves
Will     +....                  (no boots)
Stlth    ..........             (no amulet)
HPRegen  0.20/turn              (no ring)
MPRegen  0.14/turn              (no ring)

@: studying Unarmed Combat
A: cold resistance 1, negative energy resistance 3, torment resistance 2, heat
vulnerability 1, no potions
a: Renounce Religion, Depart the Abyss, Bend Space, Banish, Corrupt


You were on level 7 of the Dungeon.
You worshipped Lugonu.
Lugonu was greatly pleased with you.
You visited 1 branch of the dungeon, and saw 7 of its levels.
You visited the Abyss 1 time.

You collected 307 gold pieces.


Innate Abilities, Weirdness & Mutations

You are immune to poison.
Your flesh is cold resistant. (rC+)
You are immune to negative energy. (rN+++)
You are immune to unholy pain and torment.
You are vulnerable to heat. (rF-)
You do not drink.


   Skills:
 - Level 4.0 Fighting
 * Level 6.1 Polearms
 - Level 1.5 Armour
 - Level 0.7 Dodging
 - Level 8.0 Invocations


You had 7 spell levels left.
You didn't know any spells.
Your spell library contained the following spells:

 Spells                   Type           Power      Damage    Failure   Level
 Dazzling Flash           Conj/Hex       0%         N/A       100%        3
 Agony                    Necr           0%         N/A       100%        5
 Silence                  Hex/Air        0%         N/A       100%        5

Inventory:

Hand Weapons
 a - a +0 halberd (weapon)
 u - a +2 vorpal spear
Missiles
 q - 2 throwing nets {=f}
 r - 16 poisoned darts
Armour
 g - the +7 chain mail of Context (worn) {*Corrode Str+6}

   Str:       It affects your strength (+6).
   *Corrode:  It may corrode you when you take damage.
 l - +0 storm dragon scales
 n - a +0 pair of gloves (worn)
 w - a +1 cloak (worn)
 x - a +0 helmet (worn)
Magical Staves
 j - a staff of conjuration {!a}
Jewellery
 k - a ring of ice
 p - a +6 ring of intelligence
Wands
 o - a wand of acid (7)
 s - a wand of flame (23)
 v - a wand of iceblast (8)
Scrolls
 b - 2 scrolls of holy word {!r}
 c - 3 scrolls of fog
 d - a scroll of magic mapping {unknown}
 e - a scroll of blinking {unknown}
 f - a scroll of fear
 h - 4 scrolls of teleportation {@r4}
 i - 2 scrolls of enchant weapon
 m - 2 scrolls of vulnerability {unknown}
 t - a scroll of enchant armour {unknown}

Dungeon Overview and Level Annotations

Branches:
Dungeon (7/15)             Temple (0/1) D:6

Altars:
Gozag
Okawaru
Wu Jian

▒....................▒▒
...<..................▒
..................▒▒▒)▒
.........=......▒.▒▒ .▒
▒..............)▒..▒ .▒
▒................▒▒ ..
........Ko.▒ ..
.......▒K▒▒▒ .▒▒
......▒▒M▒ ..
....▒▒▒......... ....
▒▒▒..▒.... .. ..▒ ..
... .... ▒.... ..>..


You could see a kobold brigand, an orc (berserk) and a kobold.


Message History

* * * LOW HITPOINT WARNING * * *
You closely miss the kobold brigand.
The kobold brigand is heavily wounded.
The orc hits you but does no damage.
The kobold brigand hits you with a +0 whip.
* * * LOW HITPOINT WARNING * * *
You barely miss the kobold brigand.
The kobold brigand is heavily wounded.
You are no longer corroded.
The orc hits you but does no damage.
The kobold brigand hits you but does no damage.
You hit the kobold brigand.
The kobold brigand is heavily wounded.
The orc drinks a potion.
The orc goes berserk!
The kobold brigand hits you but does no damage.
The orc hits you but does no damage.
You miss the kobold brigand.
The kobold brigand is heavily wounded.
The kobold brigand completely misses you.
The orc closely misses you.
You barely miss the kobold brigand.
The kobold brigand is heavily wounded.
The orc hits you from afar with a +0 trident!
* * * LOW HITPOINT WARNING * * *
The kobold brigand hits you with a +0 whip.
* * * LOW HITPOINT WARNING * * *
The orc barely misses you.
The kobold brigand hits you with a +0 whip.
You die...

Action                   |  1- 3 |  4- 6 |  7- 9 || total
-------------------------+-------+-------+-------++-------
Melee: Spear             |   161 |   253 |   191 ||   605
       Halberd           |       |       |   110 ||   110
  Use: Scroll            |       |     3 |     2 ||     5
 Stab: Sleeping          |     1 |       |       ||     1
Armor: Leather armour    |    13 |       |       ||    13
       Scale mail        |    21 |    21 |       ||    42
       Storm dragon scal |       |    20 |       ||    20
       Chain mail        |       |    64 |   265 ||   329
Dodge: Dodged            |    48 |    60 |   145 ||   253

Levels and vault maps discovered:
D:1:      dpeg_arrival_simpleton_c, layout_basic,
          dreamdust_ecumenical_altar_hidden_monk_grotto
D:2:      layout_basic
D:3:      layout_loops_ring, serial_co_window_serial,
          co_window_of_opportunity_a, co_window_of_opportunity_a,
          co_window_paths_a, co_window_corner_a, co_window_paths_a,
          co_window_corner_a, co_window_paths_b, co_window_paths_a,
          co_window_paths_a, co_window_corner_b, co_window_paths_c,
          co_window_broadway_a, co_window_4corner_b, glass_columns_a,
          glass_columns_a, glass_columns_a
D:4:      layout_basic, mainiacjoe_overflow_chevrons, lexackson_kobold_supper
D:5:      layout_basic, mainiacjoe_overflow_divided_tiny,
          small_statue_intersection, serial_park_tiny_pond, skrybe_limestone_x,
          minmay_manual_monolith
D:6:      layout_basic, minmay_temple_entry_glass, serial_park_tiny_pond,
          minmay_misc_feat_diagonals
D:7:      layout_cave_pools, grunt_temple_overflow_diamond,
          gammafunk_temple_overflow_elements, roderic_lattice_a,
          nicolae_specific_store, amcnicky_mini_rare_corridor_liquid

Notes
Turn   | Place    | Note
-------+----------+-------------------------------------------
     0 | Abyss:1  | sanka the Mummy Abyssal Knight began the quest for the Orb.
     0 | Abyss:1  | Reached XP level 1. HP: 18/18 MP: 2/2
    52 | D:1      | Escaped the Abyss
   162 | D:1      | Reached skill level 2 in Polearms
   249 | D:1      | Found a faded altar of an unknown god.
   335 | D:1      | Reached XP level 2. HP: 24/24 MP: 3/3
   757 | D:1      | Reached ** piety under Lugonu
   818 | D:1      | Reached XP level 3. HP: 27/29 MP: 4/4
   868 | D:1      | Reached skill level 3 in Polearms
  2741 | D:3      | Reached XP level 4. HP: 35/35 MP: 5/5
  3737 | D:3      | Identified +0 storm dragon scales
  4227 | D:4      | Reached *** piety under Lugonu
  4445 | D:4      | Found an ornate altar of the Wu Jian Council.
  4523 | D:4      | Identified the +7 chain mail of Context {*Corrode Str+6}
  4581 | D:4      | Noticed a bullfrog
  4594 | D:4      | Killed a bullfrog
  4595 | D:4      | Reached skill level 4 in Polearms
  4595 | D:4      | Reached skill level 2 in Invocations
  4595 | D:4      | Reached XP level 5. HP: 37/41 MP: 5/7
  4907 | D:4      | Noticed a phantom
  4933 | D:4      | Killed a phantom
  4934 | D:4      | Reached skill level 3 in Invocations
  5067 | D:4      | Reached skill level 4 in Invocations
  5067 | D:4      | Reached XP level 6. HP: 26/47 MP: 7/9
  5297 | D:5      | Entered Level 5 of the Dungeon
  5368 | D:4      | Reached skill level 5 in Invocations
  5612 | D:4      | Reached XP level 7. HP: 37/52 MP: 9/11
  5823 | D:5      | Reached skill level 6 in Invocations
  6216 | D:5      | Reached skill level 7 in Invocations
  6455 | D:5      | Noticed a vampire mosquito
  6484 | D:5      | Killed a vampire mosquito
  6672 | D:5      | Noticed a vampire mosquito
  6703 | D:5      | Killed a vampire mosquito
  6704 | D:5      | Reached XP level 8. HP: 35/58 MP: 13/13
  6873 | D:5      | Found an iron altar of Okawaru.
  6874 | D:5      | Found an opulent altar of Gozag.
  7690 | D:6      | Reached skill level 8 in Invocations
  8081 | D:6      | Found a staircase to the Ecumenical Temple.
  8102 | D:6      | Reached **** piety under Lugonu
  8103 | D:6      | Reached skill level 4 in Fighting
  8103 | D:6      | Reached skill level 5 in Polearms
  8491 | D:7      | Reached skill level 6 in Polearms
  8505 | D:7      | HP: 6/60 [orc (10)]
  8505 | D:7      | Slain by a kobold brigand

Vanquished Creatures
  2 vampire mosquitoes (D:5)
  2 ice beasts
  2 black bears
  A sky beast (D:6)
  A centaur (D:7)
  3 phantoms (D:4)
  A kobold brigand (D:4)
  2 bullfrogs
  A scorpion (D:5)
  2 centaur zombies (D:5)
  3 hounds
  A gnoll shaman (D:4)
  A centaur skeleton (D:5)
  3 iguanas
  A hound skeleton (D:5)
  4 gnolls (D:5)
  4 adders
  A shadow imp (D:4)
  2 ufetubi
  An adder skeleton (D:4)
  A worm (D:2)
  2 dart slugs
  6 orcs
  6 bats
  7 endoplasms
  3 giant cockroaches
  3 goblins
  12 hobgoblins
  6 jackals (D:1)
  4 quokkas
  6 ball pythons
  3 frilled lizards
  15 kobolds
  A quokka skeleton (D:4)
  4 rats
117 creatures vanquished.

Vanquished Creatures (others)
  2 fungi (D:1)
  6 plants
8 creatures vanquished.

Grand Total: 125 creatures vanquished
